 Dungeon Crawl Stone Soup version 0.31.0-11-ge490571c62 (webtiles) character file.

Game seed: 2973612693915731965

12415 Esekla the Thaumaturge (level 11, 0/50 HPs)
             Began as a Spriggan Ice Elementalist on Feb 3, 2024.
             Was a Believer of Ashenzari.
             Slain by a troll (9 damage)
             ... on level 11 of the Dungeon.
             The game lasted 02:25:39 (15736 turns).

Esekla the Thaumaturge (Spriggan Ice Elementalist) Turns: 15736, Time: 02:25:39

Health: 0/50       AC:  3    Str:  9    XL:     11   Next: 62%
Magic:  0/29       EV: 25    Int: 18    God:    Ashenzari [**....]
Gold:   878        SH:  0    Dex: 23    Spells: 19/37 levels left

rFire   + . .        f - +0 dagger
rCold   . . .        (no shield)
rNeg    . . .        i - +1 robe {rF+}
rPois   .            (helmet restricted)
rElec   .            (no cloak)
rCorr   .            (gloves unavailable)
SInv    +            (boots unavailable)
Will    ++...        G - amulet "Prison of Ashenzari" {Spirit Rampage Str+3, Elem, Melee} (curse)
Stlth   ++++         o - ring of Ashenzari's Seer {Dex+6, Range, Sorc} (curse)
HPRegen 0.28/turn    y - ring "Unveiling Restlessness" {Will+, Melee, Self} (curse)
MPRegen 0.21/turn

%: guardian spirit, rampage
@: very quick
A: very small, no large weapons, unfitting armour, see invisible, speed 3
a: Renounce Religion, Curse Item, Shatter the Chains


You were on level 11 of the Dungeon.
You worshipped Ashenzari.
Ashenzari was pleased with you.
You visited 2 branches of the dungeon, and saw 12 of its levels.
You also visited: Bailey.

You collected 878 gold pieces.

Inventory:

Hand Weapons
 c - a +6 demon trident of venom
 f - a +0 dagger (weapon)
 l - a +0 long sword
Missiles
 j - 9 poisoned darts (quivered)
Armour
 i - a +1 robe of fire resistance (worn)
 r - a +0 buckler
 z - a +1 robe of willpower
Jewellery
 o - the cursed ring of Ashenzari's Seer (left hand) {Dex+6, Range, Sorc}
   (You found it on level 4 of the Dungeon)

   [ring of dexterity]

   Dex+6:     It affects your dexterity (+6).
   It has a curse which improves the following skills: Ranged Combat: Ranged
   Weapons and Throwing.
   Sorcery:   Conjurations and Alchemy.
 y - the cursed ring "Unveiling Restlessness" (right hand) {Will+, Melee, Self}
   (You found it on level 5 of the Dungeon)

   [ring of willpower]

   Will+:     It increases your willpower.
   It has a curse which improves the following skills: Melee Combat: Short
   Blades, Long Blades, Axes, Maces & Flails, Polearms, Staves and Unarmed
   Combat.
   Introspection: Fighting and Spellcasting.
 G - the cursed amulet "Prison of Ashenzari" (around neck) {Spirit Rampage Str+3, Elem, Melee}
   (You found it on level 9 of the Dungeon)

   [amulet of guardian spirit]

   Spirit:    It causes incoming damage to be divided between your reserves of
   health and magic.
   Str+3:     It affects your strength (+3).
   Rampage:   It bestows one free step when moving towards enemies.
   It has a curse which improves the following skills: Elements: Fire Magic, Ice
   Magic, Air Magic and Earth Magic.
   Melee Combat: Short Blades, Long Blades, Axes, Maces & Flails, Polearms,
   Staves and Unarmed Combat.
Wands
 d - a wand of flame (16)
 s - a wand of digging (9)
 B - a wand of mindburst (4)
Scrolls
 g - 2 scrolls of silence
 h - a scroll of blinking
 n - 2 scrolls of poison
 p - 2 scrolls of enchant weapon
 u - a scroll of enchant armour
 A - a scroll of fog
 E - a scroll of acquirement
 F - 2 scrolls of fear
 H - 2 scrolls of teleportation
Potions
 a - a potion of berserk rage
 b - 2 potions of magic
 e - 3 potions of haste
 k - 5 potions of invisibility
 m - 3 potions of enlightenment
 q - 4 potions of curing
 t - 2 potions of attraction
 v - a potion of lignification
 w - 2 potions of heal wounds
 x - 2 potions of mutation
 C - a potion of might
 D - 2 potions of resistance


   Skills:
 + Level 1.2(2.0) Fighting
 + Level 4.0(5.6) Short Blades
 + Level 4.4(5.5) Throwing
 * Level 8.7 Dodging
 + Level 5.5 Stealth
 * Level 12.8(13.9) Spellcasting
 * Level 3.8(4.9) Conjurations
 * Level 4.2 Necromancy
 + Level 6.0 Translocations
 + Level 8.2(9.4) Ice Magic


You had 19 spell levels left.
You knew the following spells:

 Your Spells              Type           Power      Damage    Failure   Level
a - Ozocubu's Armour      Ice            46%        N/A       1%          3
b - Blink                 Tloc           68%        N/A       1%          2
c - Freeze                Ice            100%       1d10      1%          1
i - Iskenderun's Mystic   Conj/Tloc      32%        2d8       5%          4
p - Apportation           Tloc           68%        N/A       1%          1
r - Frozen Ramparts       Ice            92%        1d14      1%          3
u - Dispel Undead         Necr           28%        3d13      9%          4

Your spell library contained the following spells:

 Spells                   Type           Power      Damage    Failure   Level
 Lesser Beckoning         Tloc           68%        N/A       1%          2
 Momentum Strike          Conj/Tloc      64%        3d9       1%          2
 Summon Ice Beast         Ice/Summ       29%        N/A       2%          3
 Cigotuvi's Dreadful Rot  Necr/Alch/Air  36%        N/A       4%          2
 Stone Arrow              Conj/Erth      42%        3d9       5%          3
 Jinxbite                 Hex            24%        N/A       9%          2
 Tukima's Dance           Hex            12%        N/A       16%         3
 Dimensional Bullseye     Hex/Tloc       11%        N/A       16%         4
 Martyr's Knell           Necr/Summ      20%        N/A       22%         4
 Animate Armour           Summ/Erth      24%        N/A       45%         4
 Arcjolt                  Conj/Air       10%        1d20      45%         5
 Alistair's Intoxication  Alch           8%         N/A       80%         5
 Death Channel            Necr           14%        N/A       80%         6
 Conjure Ball Lightning   Conj/Air       10%        3x3d6     96%         6
 Lehudib's Crystal Spear  Conj/Erth      10%        10d4      100%        8


Dungeon Overview and Level Annotations

Branches:
Dungeon (11/15)            Temple (1/1) D:6             Orc (0/2) D:9
 Bailey (visited)
   Lair: D:8-11

Altars:
Ashenzari
Cheibriados
Dithmenos
Elyvilon
Fedhas
Gozag
Hepliaklqana
Kikubaaqudgha
Makhleb
Nemelex Xobeh
Okawaru
Qazlal
Ru
Sif Muna
Trog
Uskayaw
Vehumet
Wu Jian
Xom
Yredelemnul
Zin
The Shining One

Annotations:
D:7 ice beast, exclusion: ice statue
D:8 vampire


Innate Abilities, Weirdness & Mutations

You are very small and have problems with some larger weapons.
You are too small for most types of armour.
You have supernaturally acute eyesight. (SInv)
You cover ground extremely quickly. (Speed+++)


Message History

You hit the cyan ugly thing but do no damage.
The cyan ugly thing is lightly wounded.
An acid dragon comes into view.
The wall freezes the cyan ugly thing!
The cyan ugly thing closely misses you.
You closely miss the cyan ugly thing.
The cyan ugly thing is moderately wounded.
The acid dragon roars!
The wall freezes the troll.
You closely miss the cyan ugly thing.
The cyan ugly thing is moderately wounded.
The wall freezes the cyan ugly thing.
The cyan ugly thing misses you.
You barely miss the cyan ugly thing.
The white ugly thing gurgles horribly!
You punch the cyan ugly thing, but do no damage.
The cyan ugly thing is moderately wounded.
The wall freezes the troll.
The wall freezes the cyan ugly thing!
The cyan ugly thing misses you.
You barely miss the cyan ugly thing.
The cyan ugly thing is heavily wounded.
The wall freezes the troll.
The troll barely misses you. x2
The troll closely misses you.
The wall freezes the cyan ugly thing.
The cyan ugly thing misses you.
You hit the cyan ugly thing but do no damage.
The cyan ugly thing is heavily wounded.
A boulder beetle comes into view.
The wall freezes the troll.
The troll misses you. x2
The troll claws you but does no damage.
You closely miss the cyan ugly thing.
The cyan ugly thing is heavily wounded.
The wall freezes the cyan ugly thing!
The cyan ugly thing bites you! The cyan ugly thing shocks you!
Your icy armour cracks and falls away as you move.
The frozen ramparts melt away as you move.
A wraith comes into view.
The troll attacks as it pursues you! The troll bites you!
The troll barely misses you. The troll claws you!
* * * LOW HITPOINT WARNING * * *
The troll attacks as it pursues you! The troll completely misses you.
The troll claws you!
You die...

# #[...##.^## #.###..##.... #
#..####...#####.##..# #..#.
#######.## ##......##.##<# ....
........####....####..#.[#####...
.............#.## ###.....#.###
..####.###....## #...>...##.#
.......#####..## ########....
#.......####.#.##### #......
..###...##......@T.## #.......
.## ##.....###.###.u## #..###.##
.# #....##..#..##..###..# ..#. .#
#...##..#.#..##.u...# . ## ..
#..##..#####..###.###{
...###..#..## ∆ #..###D#
........#.## #.(#.#.W#
....###..#.#∆ #.#)#.#..# ..<.#
#.#{## { {.#.#(B #..#


You could see 2 ugly things, a troll and an acid dragon.

Vanquished Creatures
  An orc warlord (Bailey)
  Harold (D:10)
  Erolcha (D:10)
  A two-headed ogre (D:9)
  A troll (D:10)
  A hornet (D:10)
  A wyvern (D:8)
  23 yaks
  6 vampire mosquitoes
  2 sky beasts
  16 orc warriors
  4 centaurs
  5 ogres
  2 kobold brigands
  2 gnoll sergeants
  A bullfrog (D:8)
  6 wights
  10 killer bees (D:8)
  3 howler monkeys
  A jelly (D:5)
  3 bombardier beetles
  4 hounds
  12 orc priests
  Jessica (D:3)
  2 gnoll boudas
  7 iguanas
  4 orc wizards
  13 adders
  36 gnolls
  A shadow imp (D:5)
  A white imp (D:5)
  3 dart slugs
  2 ribbon worms (D:4)
  44 orcs
  10 ball pythons
  6 endoplasms
  5 giant cockroaches
  12 goblins
  14 hobgoblins
  5 jackals
  4 quokkas
  8 bats
  5 frilled lizards
  10 kobolds
  4 rats
304 creatures vanquished.

Vanquished Creatures (others)
  A wight (D:9)
1 creature vanquished.

Grand Total: 305 creatures vanquished

Notes
Turn   | Place    | Note
-------+----------+-------------------------------------------
     0 | D:1      | Esekla the Spriggan Ice Elementalist began the quest for
                  | the Orb.
     0 | D:1      | Reached XP level 1. HP: 9/9 MP: 5/5
   153 | D:1      | Reached XP level 2. HP: 13/13 MP: 6/6
   389 | D:1      | Reached skill level 3 in Spellcasting
   595 | D:1      | Learned a level 1 spell: Apportation
   736 | D:1      | Reached skill level 1 in Short Blades
   887 | D:2      | Reached XP level 3. HP: 16/16 MP: 8/8
  1400 | D:2      | Learned a level 3 spell: Ozocubu's Armour
  1404 | D:2      | Learned a level 3 spell: Frozen Ramparts
  2052 | D:3      | Reached XP level 4. HP: 21/21 MP: 9/9
  2588 | D:3      | Identified the +0 scale mail of Jigsaw {rC+ Str+4}
  2591 | D:3      | Noticed Jessica
  2635 | D:3      | Reached XP level 5. HP: 25/25 MP: 1/11
  2721 | D:3      | Killed Jessica
  2722 | D:3      | Reached skill level 4 in Spellcasting
  2758 | D:3      | Learned a level 2 spell: Blink
  3438 | D:4      | Noticed a phantom
  3712 | D:4      | Reached XP level 6. HP: 25/29 MP: 5/14
  4608 | D:5      | Entered Level 5 of the Dungeon
  4698 | D:5      | Found a snail-covered altar of Cheibriados.
  4698 | D:5      | Found a blossoming altar of Fedhas.
  4698 | D:5      | Found a burning altar of Makhleb.
  4944 | D:5      | Reached skill level 5 in Spellcasting
  4944 | D:5      | Reached skill level 1 in Translocations
  5033 | D:5      | Reached skill level 5 in Dodging
  5033 | D:5      | Reached XP level 7. HP: 32/32 MP: 6/16
  5583 | D:5      | Reached skill level 5 in Ice Magic
  5835 | D:5      | Reached skill level 6 in Spellcasting
  6372 | D:5      | Reached XP level 8. HP: 19/37 MP: 10/18
  6658 | D:6      | Found a staircase to the Ecumenical Temple.
  6660 | D:6      | Found a hazy altar of Hepliaklqana.
  6667 | Temple   | Entered the Ecumenical Temple
  6691 | Temple   | Became a worshipper of Ashenzari the Shackled
  7175 | D:6      | Found an iron altar of Okawaru.
  7324 | D:7      | Found an ancient bone altar of Kikubaaqudgha.
  7385 | D:7      | Found a flagged portal.
  7431 | D:7      | Noticed an ice statue
  7644 | Bailey   | Entered a bailey
  7902 | Bailey   | Reached skill level 7 in Spellcasting
  7968 | Bailey   | Reached skill level 1 in Throwing
  8101 | Bailey   | Reached skill level 1 in Conjurations
  8222 | Bailey   | Reached XP level 9. HP: 9/40 MP: 13/21
  8224 | Bailey   | Reached skill level 1 in Fighting
  8605 | Bailey   | Noticed an orc warlord
  8984 | Bailey   | Reached skill level 8 in Spellcasting
  9113 | Bailey   | Got the Opusculum on Trauma
  9702 | Bailey   | Killed an orc warlord
  9703 | Bailey   | Reached skill level 5 in Translocations
  9803 | D:7      | Learned a level 4 spell: Iskenderun's Mystic Blast
 10216 | D:7      | Reached * piety under Ashenzari
 10631 | D:8      | Reached skill level 9 in Spellcasting
 11100 | D:8      | Reached XP level 10. HP: 41/46 MP: 18/25
 11148 | D:8      | Reached skill level 1 in Necromancy
 11743 | D:8      | Reached skill level 5 in Stealth
 11766 | D:8      | Reached skill level 10 in Spellcasting
 11927 | D:8      | Found a shimmering blue altar of Sif Muna.
 12049 | D:8      | Reached ** piety under Ashenzari
 12246 | D:9      | Found a staircase to the Orcish Mines.
 12416 | D:9      | Identified the amulet of Moodiness {Spirit Rampage Str+3}
 12452 | D:9      | Found a glowing silver altar of Zin.
 12465 | D:9      | Found a basalt altar of Yredelemnul.
 12597 | D:9      | Noticed a two-headed ogre
 12867 | D:9      | Killed a two-headed ogre
 12868 | D:9      | Reached skill level 11 in Spellcasting
 13158 | D:9      | Reached XP level 11. HP: 36/50 MP: 10/28
 13532 | D:9      | Reached skill level 12 in Spellcasting
 13658 | D:10     | Entered Level 10 of the Dungeon
 13714 | D:10     | Noticed Erolcha
 13741 | D:10     | Killed Erolcha
 13865 | D:10     | Noticed Harold
 14477 | D:10     | Killed Harold
 14604 | D:10     | Paralysed by a hornet for 3 turns
 15511 | D:11     | Noticed a centaur warrior
 15535 | D:11     | Noticed a two-headed ogre
 15599 | D:10     | Learned a level 4 spell: Dispel Undead
 15630 | D:11     | Noticed a two-headed ogre
 15716 | D:11     | Noticed a cyan ugly thing
 15721 | D:11     | Noticed a white ugly thing
 15732 | D:11     | Noticed a boulder beetle
 15736 | D:11     | Slain by a troll

Illustrated notes

Levels and vault maps discovered:
D:1:      minmay_arrival_four_houses, layout_loops_ring
D:2:      layout_basic
D:3:      minmay_skewed_foursquare, layout_basic, uniq_jessica
D:4:      layout_gridville
D:5:      kennysheep_six_static_rooms, layout_cave_pods,
          gammafunk_temple_overflow_forgotten, dk_noncrumbling_2
D:6:      layout_cave_pools, grunt_temple_overflow_open,
          minmay_temple_entry_drinking_statues, serial_column_ruins,
          column_ruins_hut_ruined, column_ruins_hut_ruined,
          column_ruins_open_tiny, column_ruins_open_medium,
          column_ruins_open_small, chequers_serial_rivers_micro_c
D:7:      lemuel_ice_statue, layout_loops_ring,
          mainiacjoe_overflow_tiny_flanked, enter_bailey_8
D:8:      layout_basic, nicolae_sif_muna_condensation, minmay_between
D:9:      layout_loops_ring, mainiacjoe_overflow_swirl, david_orc_3, st_stairs_5
D:10:     layout_roguey, special_room [special_room_orc], minivault_21,
          uniq_erolcha, uniq_harold
D:11:     minmay_the_grid_octo_tiled_octocenter_mashed
          [minmay_the_grid_octo_checkerflower, minmay_the_grid_octo_fat_diamond,
          minmay_the_grid_octo_toaster, minmay_the_grid_octo_focus,
          minmay_the_grid_octo_prize_square_snowflake,
          minmay_the_grid_square_5x5_two_small,
          minmay_the_grid_square_5x5_longway,
          minmay_the_grid_square_5x5_checkered_statues,
          minmay_the_grid_square_5x5_inner_v], layout_layer_cave,
          lair_entry_dummy
Temple:   cyrus_circular_temple

Skill      XL: |  1  2  3  4  5  6  7  8  9 10 11 |
---------------+----------------------------------+-----
Dodging        | 3 4 5 6 7 8 |  8.7
Spellcasting   | 3 4 5 6 7 9 11 12 | 12.8
Short Blades   | 1 2 3 4 |  4.0
Ice Magic      | 4 5 6 7 8 |  8.2
Translocations | 1 2 4 5 6 |  6.0
Stealth        | 4 5 |  5.5
Throwing       | 1 3 4 |  4.4
Conjurations   | 1 2 3 |  3.8
Fighting       | 1 |  1.2
Necromancy     | 3 4 |  4.2

Action                     |  1- 3 |  4- 6 |  7- 9 | 10-12 || total
---------------------------+-------+-------+-------+-------++-------
  Melee: Short sword       |    38 |       |       |       ||    38
         Dagger            |   114 |   113 |   276 |   242 ||   745
         Punch             |       |     1 |     9 |     5 ||    15
  Throw: Dart              |       |     7 |   106 |    67 ||   180
   Cast: Freeze            |    13 |       |       |       ||    13
         Frozen Ramparts   |     3 |    32 |    54 |    57 ||   146
         Ozocubu's Armour  |     2 |    19 |    37 |    29 ||    87
         Blink             |       |       |     4 |     8 ||    12
         Dispel Undead     |       |       |       |     4 ||     4
 Invoke: Curse Item        |       |       |     2 |     2 ||     4
         Shatter the Chain |       |       |       |     1 ||     1
    Use: Scroll            |       |     6 |     7 |     1 ||    14
         Potion            |       |       |     2 |     1 ||     3
   Stab: Sleeping          |     7 |    10 |     4 |     5 ||    26
         Distracted        |     1 |       |       |       ||     1
 Armour: Robe              |    40 |    16 |    83 |    97 ||   236
  Dodge: Dodged            |   157 |    70 |   221 |   270 ||   718
